 Dungeon Sprint DCSS version 0.27.1 (webtiles) character file.

Game seed: 3167329418174727184

6552 styxcanada the Imperceptible (level 10, -9/56 HPs)
             Began as a Spriggan Brigand on Sept 4, 2021.
             Was an Initiate of Gozag.
             Mangled by Agnes (22 damage)
             ... in the Dungeon (Sprint IV: "Fedhas' Mad Dash").
             The game lasted 00:13:28 (1777 turns).

styxcanada the Imperceptible (Spriggan Brigand)     Turns: 1777, Time: 00:13:29

Health: -9/56      AC:  5    Str:  7    XL:     10   Next: 70%
Magic:  10/11      EV: 28    Int: 12    God:    Gozag
Gold:   2137       SH:  0    Dex: 21    Spells: 7/9 levels left

rFire    . . .     SeeInvis +   v - +2 dagger (venom)
rCold    . . .     Faith    .   (shield restricted)
rNeg     . . .     Spirit   .   p - +2 robe
rPois    .         Reflect  .   (helmet restricted)
rElec    .         Harm     .   c - +0 cloak
rCorr    .         Rampage  .   (gloves unavailable)
Will     +....     NoTele   +   (boots unavailable)
Stlth    ++++++++++             l - amulet of invisibility {+Inv}
HPRegen  0.18/turn              (no ring)
MPRegen  0.12/turn              (no ring)

@: gold aura, very slightly contaminated, invisible, very quick
A: very small, no large weapons, unfitting armour, see invisible, speed 3
a: Renounce Religion, Evoke Invisibility, Potion Petition, Call Merchant, Bribe
Branch


You were in the Dungeon.
You worshipped Gozag.
Gozag was most pleased with you.
You visited 1 branch You collected 2506 gold pieces.
You spent 369 gold pieces at shops.

Inventory:

Hand Weapons
 a - a +2 dagger
 b - a +2 falchion of holy wrath
 t - a +2 mace of protection
 u - the +12 long sword of Wour Hees {spect, rElec Will+++ Str+3}
   (You bought it in a shop in the Dungeon)

   When its wielder attacks, the weapon's spirit leaps out and strikes again.
   The spirit shares a part of any damage it takes with its wielder.
   Str:       It affects your strength (+3).
   rElec:     It insulates you from electricity.
   Will:      It greatly increases your willpower.
 v - a +2 dagger of venom (weapon)
Missiles
 d - 8 poisoned darts (quivered)
 e - 2 curare-tipped darts
 m - 28 stones
 n - 15 sling bullets
Armour
 c - a +0 cloak (worn)
 p - a +2 robe (worn)
Jewellery
 l - the amulet of invisibility (around neck) {+Inv}
   (You found it in the Dungeon)

   [amulet of nothing]

   +Inv:      It lets you turn invisible.
 q - an amulet of regeneration
Scrolls
 k - a scroll of blinking
 r - a scroll of immolation {unknown}
 s - a scroll of identify {unknown}
Potions
 f - a potion of curing
 g - a potion of heal wounds
 h - a potion of haste
 i - 3 potions of magic
 j - a potion of berserk rage
 o - a potion of degeneration


   Skills:
 * Level 7.9 Fighting
 + Level 8.5 Short Blades
 + Level 3.1 Throwing
 * Level 12.1 Dodging
 * Level 25.8 Stealth
 + Level 11.0 Evocations


You had 7 spell levels left.
You knew the following spells:

 Your Spells              Type           Power      Damage    Failure   Level
a - Blink                 Tloc           N/A        N/A       45%         2

Your spell library contained the following spells:

 Spells                   Type           Power      Damage    Failure   Level
 Summon Small Mammal      Summ           0%         N/A       32%         1
 Call Canine Familiar     Summ           0%         N/A       69%         3
 Lesser Beckoning         Tloc           0%         N/A       69%         3
 Summon Guardian Golem    Hex/Summ       0%         N/A       69%         3
 Teleport Other           Tloc           0%         N/A       69%         3
 Passage of Golubria      Tloc           N/A        N/A       97%         4


Dungeon Overview and Level Annotations

Branches:
Dungeon (1/1)

Altars:
Cheibriados
Dithmenos
Elyvilon
Gozag
Hepliaklqana
Kikubaaqudgha
Makhleb
Nemelex Xobeh
Okawaru
Qazlal
Ru
Sif Muna
Trog
Uskayaw
Vehumet
Wu Jian
Xom
Yredelemnul
Zin
The Shining One
Beogh
Jiyva
Lugonu

Shops:
D =[:[*[((

Annotations:
D Agnes


Innate Abilities, Weirdness & Mutations

You are very small and have problems with some larger weapons.
You are too small for most types of armour.
You have supernaturally acute eyesight. (SInv)
You cover ground extremely quickly. (Speed+++)


Message History

u - the +12 long sword of Wour Hees {spect, rElec Will+++ Str+3}
v - a +2 dagger of venom Thank you for shopping at Nuomauwi's Antique Weapon Shoppe!
Your +2 dagger of venom begins to drip with poison!
v - a +2 dagger of venom (weapon)
There is an open door here.
There is an open door here.
There is an open door here.
You see here a +0 scale mail.
You fade into invisibility!
You are very lightly contaminated with residual magic.
You open the door.
Agnes the Wanderer comes into view.
She is wielding a +2 spectral lajatang.
Unknown command.
There is an open door here.
A spriggan berserker comes into view. It is wielding a +0 rapier.
Found Iwkit's Book Emporium.
Found Yropiuk's Antique Armour Shoppe.
You barely miss Agnes. Agnes misses you.
Agnes says, "It is my duty to kill you, but also my pleasure."
Agnes hits you with a +2 spectral lajatang!!
Agnes says, "The ORB is mine by right."
The helpless spriggan berserker fails to defend itself.
You stick the spriggan berserker like a pincushion!!!!!
You kill the spriggan berserker!
Agnes completely misses you.
Your Dodging skill increases to level 12!
Your Evocations skill increases to level 11!
A spriggan defender comes into view. It is wielding a +2 spectral lajatang.
Agnes completely misses you.
Found a warped bone ring.
There is an entrance to Iwkit's Book Emporium here.
The spriggan defender shouts!
There is an entrance to Yropiuk's Antique Armour Shoppe here.
The spriggan defender hits you with a +2 spectral lajatang!!
* * * LOW HITPOINT WARNING * * *
You miss the spriggan defender.
Agnes hits you with a +2 spectral lajatang!!
You die...
Your body crumbles into a pile of gold.

###########.....)###....)♣.#
♣.###.'.['.......'.'...♣..∩#
.♣##..#..#.P.....###########
).###.##'##.P....#
.♣'...#♣.♣########
#######.....####
###..♣..♣....###
###.$.♣......♣...♣###
.......♣.....∩.i@i.=#
##################### $ $$$
$


You could see Agnes and a spriggan defender.

Vanquished Creatures
  A spriggan berserker (D)
  A spriggan druid (D)
  6 oklob plants (D)
  A demonic crawler (D)
  3 wandering mushrooms (D)
  3 burning bushes (D)
  A queen bee (D)
  A hornet (D)
  3 scorpions (D)
  4 killer bees (D)
  5 oklob saplings (D)
  5 spriggans (D)
  A river rat (D)
  A rat (D)
  A ballistomycete spore (D)
37 creatures vanquished.

Notes
Turn   | Place    | Note
-------+----------+-------------------------------------------
     0 | D        | styxcanada the Spriggan Brigand began the quest for the
                  | Orb.
     0 | D        | Reached XP level 1. HP: 10/10 MP: 2/2
     9 | D        | Reached skill level 7 in Stealth
     9 | D        | Reached XP level 2. HP: 15/15 MP: 3/3
    17 | D        | Noticed an oklob sapling
    19 | D        | Killed an oklob sapling
    20 | D        | Reached skill level 10 in Stealth
    20 | D        | Reached XP level 3. HP: 19/19 MP: 4/4
    21 | D        | Noticed a scorpion
    21 | D        | Found the amulet of invisibility {+Inv}
    23 | D        | Killed a scorpion
    24 | D        | Reached skill level 12 in Stealth
    24 | D        | Reached XP level 4. HP: 23/23 MP: 5/5
    46 | D        | Found an opulent altar of Gozag.
    46 | D        | Found a hazy altar of Hepliaklqana.
    46 | D        | Found a burning altar of Makhleb.
    46 | D        | Found a sparkling altar of Nemelex Xobeh.
    46 | D        | Found a snail-covered altar of Cheibriados.
    46 | D        | Found a sacrificial altar of Ru.
    46 | D        | Found a shimmering blue altar of Sif Muna.
    46 | D        | Found a shimmering altar of Xom.
    46 | D        | Found a basalt altar of Yredelemnul.
    47 | D        | Found a viscous altar of Jiyva.
    47 | D        | Found a bloodstained altar of Trog.
    47 | D        | Found an ornate altar of the Wu Jian Council.
    48 | D        | Found an iron altar of Okawaru.
    48 | D        | Found a shadowy altar of Dithmenos.
    48 | D        | Found a glowing silver altar of Zin.
    49 | D        | Found an ancient bone altar of Kikubaaqudgha.
    49 | D        | Found a hide-covered altar of Uskayaw.
    50 | D        | Found a stormy altar of Qazlal.
    50 | D        | Found a white marble altar of Elyvilon.
    50 | D        | Found a glowing golden altar of the Shining One.
    51 | D        | Became a worshipper of Gozag Ym Sagoz the Greedy
    52 | D        | Found a corrupted altar of Lugonu.
    52 | D        | Found a radiant altar of Vehumet.
    56 | D        | Reached skill level 13 in Stealth
    56 | D        | Reached XP level 5. HP: 28/28 MP: 3/6
    72 | D        | Reached skill level 14 in Stealth
    72 | D        | Reached skill level 1 in Evocations
   172 | D        | Reached skill level 5 in Dodging
   173 | D        | Reached skill level 15 in Stealth
   175 | D        | Reached XP level 6. HP: 33/33 MP: 4/7
   189 | D        | Found Mucassul's Armour Shop.
   189 | D        | Found Pukk's Jewellery Emporium.
   222 | D        | Noticed a burning bush
   222 | D        | Noticed a wandering mushroom
   223 | D        | Noticed a wandering mushroom
   227 | D        | Killed a wandering mushroom
   228 | D        | Reached skill level 17 in Stealth
   228 | D        | Reached XP level 7. HP: 24/38 MP: 5/8
   228 | D        | Killed a wandering mushroom
   229 | D        | Reached skill level 19 in Stealth
   434 | D        | Killed a burning bush
   435 | D        | Reached skill level 5 in Fighting
   435 | D        | Reached skill level 5 in Short Blades
   435 | D        | Reached skill level 20 in Stealth
   435 | D        | Reached skill level 5 in Evocations
   435 | D        | Reached XP level 8. HP: 12/43 MP: 7/9
   450 | D        | Found Byul's Armour Emporium.
   450 | D        | Found Parr's General Store.
   456 | D        | Bought a potion of degeneration for 13 gold pieces
   458 | D        | Bought a +2 robe for 127 gold pieces
   700 | D        | Noticed a queen bee
   710 | D        | Killed a queen bee
   714 | D        | Reached skill level 21 in Stealth
  1022 | D        | Noticed an oklob plant
  1032 | D        | Killed an oklob plant
  1038 | D        | Got the Reference Book on the Compass
  1042 | D        | Learned a level 2 spell: Blink
  1176 | D        | Noticed a burning bush
  1179 | D        | Killed a burning bush
  1180 | D        | Reached skill level 22 in Stealth
  1180 | D        | Reached XP level 9. HP: 48/48 MP: 7/10
  1249 | D        | Noticed a burning bush
  1249 | D        | Noticed an oklob plant
  1250 | D        | Noticed a wandering mushroom
  1251 | D        | Killed a burning bush
  1256 | D        | Killed an oklob plant
  1257 | D        | Reached skill level 10 in Dodging
  1260 | D        | Killed a wandering mushroom
  1261 | D        | Reached skill level 23 in Stealth
  1315 | D        | Noticed a spriggan druid
  1317 | D        | Killed a spriggan druid
  1391 | D        | Noticed an oklob plant conjurer
  1392 | D        | Killed an oklob plant conjurer
  1487 | D        | Noticed an oklob plant
  1487 | D        | Noticed an oklob plant summoner
  1488 | D        | Noticed an oklob plant shifter
  1492 | D        | Killed an oklob plant
  1493 | D        | Reached skill level 24 in Stealth
  1493 | D        | Reached XP level 10. HP: 55/55 MP: 8/11
  1494 | D        | Killed an oklob plant summoner
  1497 | D        | Killed an oklob plant shifter
  1498 | D        | Reached skill level 10 in Evocations
  1568 | D        | Noticed a spriggan rider
  1569 | D        | Found Juocuyma's Weapon Emporium.
  1571 | D        | Found Nuomauwi's Antique Weapon Shoppe.
  1577 | D        | Killed a spriggan rider
  1578 | D        | Reached skill level 25 in Stealth
  1735 | D        | Bought a crystal long sword for 144 gold pieces
  1735 | D        | Identified the +12 long sword of Wour Hees {spect, rElec
                  | Will+++ Str+3} (You bought it in a shop in the Dungeon)
  1735 | D        | Bought a glowing dagger for 85 gold pieces
  1756 | D        | Noticed Agnes
  1758 | D        | Found Iwkit's Book Emporium.
  1758 | D        | Noticed a spriggan berserker
  1760 | D        | Found Yropiuk's Antique Armour Shoppe.
  1765 | D        | Killed a spriggan berserker
  1771 | D        | Noticed a spriggan defender
  1777 | D        | Mangled by Agnes

Illustrated notes

Levels and vault maps discovered:
D:        dungeon_sprint_fedhas [sprint_temple]

Skill      XL: |  1  2  3  4  5  6  7  8  9 10 |
---------------+-------------------------------+-----
Dodging        | 2 3 4 5 6 7 9 11 12 | 12.1
Stealth        | 7 10 12 13 15 17 20 22 24 25 | 25.8
Fighting       | 2 3 4 5 6 7 |  7.9
Short Blades   | 3 4 5 6 8 |  8.5
Evocations     | 2 3 5 7 9 11 | 11.0
Throwing       | 3 |  3.1

Action                   |  1- 3 |  4- 6 |  7- 9 | 10-12 || total
-------------------------+-------+-------+-------+-------++-------
Melee: Dagger            |     4 |     7 |    62 |     9 ||    82
Throw: Dart              |       |       |       |     5 ||     5
 Abil: Evoke Invisibilit |       |     4 |     9 |     2 ||    15
 Stab: Sleeping          |     4 |     6 |    12 |     6 ||    28
       Distracted        |       |       |     1 |       ||     1
       Invisible         |       |       |     7 |       ||     7
Armor: Robe              |       |       |     1 |       ||     1
Dodge: Dodged            |       |     1 |    43 |    10 ||    54
